Cogmind - Beta 16 @@@ ROGUE MODE // 2026.01.02 @ 21:48:21 Player: JuustuToug Result: Destroyed by D-53 Grenadier with Mini Grenade Launcher Performance ------------- Evolutions (0) 0 Regions Visited (2) 400 Robots Destroyed (23) 115 Value Destroyed (381) 381 Prototype IDs (0) 0 Alien Tech Used (0) 0 Bonus (0) 0 TOTAL SCORE: 896 Bonus ------- None Cogmind --------- Core Integrity 0/250 Matter 275/300 Energy 97/100 System Corruption 5% Temperature Cool (0) Movement Core (50) Location -10/Mines Parts ------- > --- POWER (1) -------- (None) > --- PROPULSION (2) --- (None) > --- UTILITY (2) ------ (None) > --- WEAPON (2) ------- (None) > --- INVENTORY (5) ---- Light Treads Light Treads Light Treads EM Pulse Gun EM Pulse Gun Peak State ------------ > --- POWER ------------ Ion Engine > --- PROPULSION ------- Light Treads Light Treads > --- UTILITY ---------- Improved Heat Sink High-capacity Storage Unit > --- WEAPON ----------- Medium Laser Assault Rifle > --- INVENTORY -------- Light Ion Engine Light Treads Heat Sink Improved Terrain Scanner Seismic Detector EM Pulse Gun Small Laser Light Assault Rifle [Rating: 10] Favorites ----------- Power Ion Engine Engine Ion Engine Propulsion Light Treads Treads Light Treads Utility High-capacity Storage Unit Device Seismic Detector Storage High-capacity Storage Unit Hackware Hacking Suite Weapon Assault Rifle Energy Gun Small Laser Ballistic Gun Assault Rifle Build | -11 -10 -10 ------- Run | Yrd Mat Min Slots Evolved . | . . . Power . | . . . Propulsion . | . . . Utility . | . . . Weapon . | . . . Parts Attached 16 | 7 9 . Power 2 | 1 1 . Engine 2 | 1 1 . Core . | . . . Reactor . | . . . Propulsion 4 | 2 2 . Treads 4 | 2 2 . Leg . | . . . Wheel . | . . . Hover . | . . . Flight . | . . . Utility 5 | 2 3 . Device 2 | 1 1 . Storage 2 | 1 1 . Processor . | . . . Hackware 1 | . 1 . Protection . | . . . Artifact . | . . . Weapon 5 | 2 3 . Energy Gun 2 | 1 1 . Energy Cannon . | . . . Ballistic Gun 3 | 1 2 . Ballistic Cannon . | . . . Launcher . | . . . Special Weapon . | . . . Impact Weapon . | . . . Slashing Weapon . | . . . Piercing Weapon . | . . . Special Melee Weapon . | . . . Unidentified Prototypes . | . . . Parts Lost 9 | . 3 6 Power 2 | . 1 1 Propulsion 2 | . . 2 Utility 1 | . . 1 Weapon 4 | . 2 2 Highest Loss Streak 6 | . 1 6 To Critical Strikes . | . . . Average Backups 8 | 1 8 13 Power . | . . . Propulsion 2 | . 2 6 Utility 2 | . 3 3 Weapon 2 | . 2 4 Tool/Special . | . . . Unused Backups 10 | . . 10 Power . | . . . Propulsion 5 | . . 5 Utility 2 | . . 2 Weapon 3 | . . 3 Tool/Special . | . . . Average Slot Usage (%) 99 | . 99 97 Engine 13 | . 13 12 Treads 28 | . 28 28 Device 6 | . 5 12 Storage 14 | . 14 14 Hackware 7 | . 8 . Energy Gun 14 | . 14 14 Ballistic Gun 14 | . 14 14 Peak Build Rating 10 | 7 10 8 Average Rating 8 | 5 8 7 On Entrance 5 | . 7 10 Avg Prop Armor Cover (%) . | . . . Naked Turns 2 | . . 2 Heaviest Build 50 | 15 50 47 Greatest Support 40 | 40 40 40 Greatest Overweight (x) 1 | . 1 1 Average Overweight (x) . | . . . Largest Inventory Capacity 20 | 8 20 20 Average Capacity 18 | 7 19 19 Most Carried 15 | 3 15 13 Average Carried 8 | 1 8 12 Final Capacity 20 | 8 20 5 Final Carried 14 | 3 14 5 Class Distribution -------------------- 100% | Mutant Dominant Class ---------------- Mutant | -10/Materials Mutant | -10/Mines Resources | -11 -10 -10 ----------- Run | Yrd Mat Min Matter Collected 523 | 297 226 . Remotely . | . . . Salvage Created 760 | 150 610 . Parts 52 | 8 44 . Haulers Intercepted 1 | . 1 . Recyclers Shooed 2 | 2 . . Parts Field Recycled . | . . . Retrieved Matter . | . . . Parts Self-Destructed . | . . . Prevented . | . . . Parts Restored . | . . . Kills | -11 -10 -10 ------- Run | Yrd Mat Min Combat Hostiles Destroyed 10 | . 10 . Guns 10 | . 10 . Classes Destroyed 8 | 2 6 . Worker 4 | . 4 . Tunneler 3 | 3 . . Hauler 1 | . 1 . Recycler 2 | 1 1 . Operator 1 | . 1 . Watcher 2 | . 2 . Swarmer 3 | . 3 . Grunt 7 | . 7 . Best Kill Streak 4 | 4 4 . Combat Bots Only 2 | . 2 . Max Kills in Single Turn 2 | 1 2 . Gunslinging . | . . . Exploded . | . . . Melee . | . . . Uniques/NPCs Destroyed . | . . . Combat | -11 -10 -10 -------- Run | Yrd Mat Min Hostile Shots Fired 97 | . 83 14 Missed 20 | . 20 . Hits 77 | . 63 14 Projectile 77 | . 63 14 AOE 14 | . . 14 Critical Strikes 1 | . 1 . Damage Taken 1316 | . 681 635 Core 253 | . 82 171 Absorbed by Shields . | . . . Core Remaining (%) 100 | 100 . . Volleys Fired 62 | 9 52 1 Largest 2 | 2 2 2 Hottest 70 | 70 70 60 Shots Fired 122 | 18 102 2 Gun 122 | 18 102 2 Cannon . | . . . Launcher . | . . . Special . | . . . Kinetic 61 | 9 51 1 Thermal 61 | 9 51 1 Explosive . | . . . Electromagnetic . | . . . Robot Hit Streak 15 | 7 15 4 Robot Miss Streak 4 | 2 4 . Penetration Max . | . . . Secondary Targets . | . . . Shots Hit Robots 80 | 13 65 2 Core Hits 35 | 5 30 . Critical Kills . | . . . Critical Parts Destroyed . | . . . Critical Strikes 2 | 1 1 . Burn 2 | 1 1 . Melee Attacks . | . . . Impact . | . . . Slashing . | . . . Piercing . | . . . Sneak Attacks . | . . . Combat Hostiles . | . . . Follow-up Attacks . | . . . Damage Inflicted 1018 | 161 834 23 Guns 1012 | 161 828 23 Cannons . | . . . Explosions . | . . . Melee . | . . . Ramming 6 | . 6 . Kinetic 466 | 86 369 11 Thermal 546 | 75 459 12 Explosive . | . . . Electromagnetic . | . . . Impact . | . . . Slashing . | . . . Piercing . | . . . Highest Corruption 5 | . 5 5 Average Corruption 4 | . 4 5 Corruption Purged . | . . . Corruption Blocked . | . . . Effects 20 | . 17 3 Message Errors 4 | . 2 2 Matter Fused 5 | . 5 . Heat Flow Errors 2 | . 2 . Energy Discharges 4 | . 4 . Data Loss (minor) 3 | . 2 1 Data Loss (major) 2 | . 2 . Overload Shots . | . . . Overflow Damage . | . . . Projectiles . | . . . Explosions . | . . . Melee . | . . . Knockbacks . | . . . Impact . | . . . Kinetic . | . . . Secondary . | . . . Self-Inflicted Damage . | . . . Shots . | . . . Rammed 2 | . 2 . Targets Rammed 2 | . 2 . Kicked . | . . . Crushed . | . . . Highest Temperature 208 | 45 208 . Average Temperature 46 | 18 51 . Received Heat Transfer 288 | . 288 . Siege Activations . | . . . Martial Activations . | . . . Shielding Activations . | . . . Robots Disrupted . | . . . Combat Hostiles . | . . . Robots Corrupted . | . . . Combat Hostiles . | . . . Parts Fried . | . . . Impact Corruptions . | . . . Robots Melted . | . . . Combat Hostiles . | . . . Parts Melted . | . . . Heat Transferred 1657 | 296 1336 25 Parts Sabotaged . | . . . Parts Stolen . | . . . Parts Stripped . | . . . Power Chain Reactions . | . . . Alert | -11 -10 -10 ------- Run | Yrd Mat Min Maximum Alert Level . | . . . Low Security (%) 100 | 100 100 100 Level 1 . | . . . Level 2 . | . . . Level 3 . | . . . Level 4 . | . . . Level 5 . | . . . High Security . | . . . Max Security . | . . . Peak Influence 71 | 10 71 . Initial . | . . . Average 17 | 1 20 . Influence Increases 382 | 20 362 . Destroy 0b10 Robot/C 200 | . 200 . Destroy 0b10 Robot/NC 65 | 20 45 . Destroy Leader 56 | . 56 . Successful Hack 15 | . 15 . Destroy Structure 1 | . 1 . Lose Combat Pursuer 45 | . 45 . Influence Decreases 382 | 20 362 . Time Decay 361 | 20 341 . Lost Part 21 | . 21 . Squads Dispatched 2 | . 2 . Investigation . | . . . Extermination . | . . . Reinforcement 2 | . 2 . Assault . | . . . Garrison . | . . . Intercept . | . . . Searches Triggered . | . . . Construction Impeded . | . . . Haulers Reinforced . | . . . Active Scanning Responses . | . . . Cargo Convoy Interrupts . | . . . Stealth | -11 -10 -10 --------- Run | Yrd Mat Min Distress Signals 3 | . 3 . Communications Jammed . | . . . Distress Signals . | . . . Times Spotted 24 | . 22 2 Peak Tracking Total 4 | . 4 2 Tactical Retreats 3 | . 3 . Traps | -11 -10 -10 ------- Run | Yrd Mat Min Traps Triggered 3 | . 3 . Indirectly . | . . . Trap Hack Attempts . | . . . Triggered . | . . . Disarmed . | . . . Reprogrammed . | . . . Reused . | . . . Traps Extracted . | . . . Installed . | . . . Triggered . | . . . Machines | -11 -10 -10 ---------- Run | Yrd Mat Min Machines Disabled . | . . . Max in Single Turn . | . . . Machines Repaired . | . . . Machines Dismantled . | . . . Machines Sabotaged . | . . . Overloaded Fab Kills . | . . . Hacking | -11 -10 -10 --------- Run | Yrd Mat Min Machines Accessed 5 | . 5 . Terminals 4 | . 4 . Fabricators . | . . . Repair Stations . | . . . Recycling Units 1 | . 1 . Scanalyzers . | . . . Garrison Access . | . . . Total Hacks 12 | . 12 . Successful 8 | . 8 . Failed 4 | . 4 . Catastrophic . | . . . Database Lockouts . | . . . Manual 12 | . 12 . Terminals 11 | . 11 . Fabricators . | . . . Repair Stations . | . . . Recycling Units 1 | . 1 . Scanalyzers . | . . . Garrison Access . | . . . Terminal Hacks 1 | . 1 . Terminal Index 1 | . 1 . Fabricator Hacks . | . . . Repair Station Hacks . | . . . Recycling Unit Hacks . | . . . Scanalyzer . | . . . Garrison Access Hacks . | . . . Unauthorized Hacks 7 | . 7 . Terminals 6 | . 6 . Botnet 2 | . 2 . Operators 1 | . 1 . Skim 3 | . 3 . Fabricators . | . . . Repair Stations . | . . . Recycling Units 1 | . 1 . Reject 1 | . 1 . Scanalyzers . | . . . Garrison Access . | . . . Data Cores Recovered . | . . . Used . | . . . Hacking Detections 4 | . 4 . Full Trace Events . | . . . Feedback Events . | . . . Feedback Blocked . | . . . Robot Schematics Acquired . | . . . Robots Built . | . . . Authchips . | . . . Time . | . . . Total Robot Build Rating . | . . . Part Schematics Acquired . | . . . Parts Built . | . . . Authchips . | . . . Time . | . . . Total Part Build Rating . | . . . Part Studies Acquired . | . . . Parts Repaired . | . . . Time . | . . . Parts Recycled . | . . . Recycled Matter . | . . . Retrieved Matter . | . . . Retrieved Components . | . . . Parts Scanalyzed . | . . . Part Schematics Acquired . | . . . Parts Damaged . | . . . Bothacking | -11 -10 -10 ------------ Run | Yrd Mat Min Used RIF Installer . | . . . Robots Hacked . | . . . Non-combat . | . . . Combat . | . . . Robot Hacks Applied . | . . . Relay Couplers Released . | . . . Fabnet Peak Effective % . | . . . Robots Rewired . | . . . Allies Hacked . | . . . Hacks Repelled . | . . . Allies | -11 -10 -10 -------- Run | Yrd Mat Min Total Allies . | . . . Largest Group . | . . . Highest-Rated Group . | . . . Highest-Rated Ally . | . . . Total Orders . | . . . Ally Attacks . | . . . Total Damage . | . . . Kills . | . . . Allies Corrupted . | . . . Allies Melted . | . . . Intel | -11 -10 -10 ------- Run | Yrd Mat Min Active Infowar (turns) 792 | 23 689 80 Seismic 792 | 23 689 80 Robot Analysis Total . | . . . Derelict Logs Recovered . | . . . Drone Launches . | . . . Drone Recoveries . | . . . Exploration | -11 -10 -10 ------------- Run | Yrd Mat Min Turns Passed 1966 | 129 1744 93 Spaces Moved 672 | 53 580 39 Core 6 | 3 . 3 Treads 666 | 50 580 36 Legs . | . . . Wheels . | . . . Hover . | . . . Flight . | . . . Fastest Speed 50 | 50 160 50 Average Speed 230 | 153 237 225 Slowest Speed 240 | 160 240 240 Overloaded Moves . | . . . Propulsion Burnouts . | . . . Robots Hopped . | . . . Potential Cave-ins . | . . . Cave-ins Triggered . | . . . Exploration Rate (%) 27 | 5 62 14 Regions Visited 2 Branch Regions 1 Pre-discovered Areas . | . . . Known Exits Taken . | . . . Unknown Exits Taken 2 | 1 1 . Scrap Searched . | . . . Spaces Dug . | . . . Terrain Destroyed . | . . . Melee . | . . . Projectile . | . . . AOE . | . . . Terrain Rammed . | . . . Walls Destroyed . | . . . Machines Disabled . | . . . Actions | -11 -10 -10 --------- Run | Yrd Mat Min Total 962 | 79 841 42 Wait 185 | 8 177 . Move 670 | 52 579 39 Hop . | . . . Pick Up 19 | 3 16 . Fast Attach 7 | 7 . . Attach 3 | . 3 . Detach . | . . . Swap 10 | . 9 1 Drop 4 | . 3 1 Fire 62 | 9 52 1 Melee . | . . . Ram . | . . . Kick . | . . . Crush 2 | . 2 . Escape Stasis . | . . . Rewire . | . . . Trap . | . . . Miscellaneous . | . . . Route ------- -11/Scrapyard -10/Materials (discovered 3 exits: [*Mat x2] / [*Min]) -10/Mines (discovered 1 exit: [*Mat]) History --------- Turn | Location | Event 2 | -11/Scrapyard | Met Revision 17 17 | -11/Scrapyard | Discovered new exit (range 16) 130 | -11/Scrapyard | Entered Materials 307 | -10/Materials | Build established: Mutant 454 | -10/Materials | Discovered new exit (range 8) 916 | -10/Materials | Discovered new exit (range 14) 1510 | -10/Materials | Discovered new exit (range 4) 1874 | -10/Materials | Entered Mines 1888 | -10/Mines | Discovered new exit (range 7) 1949 | -10/Mines | Assembled infested the area 1954 | -10/Mines | Core integrity fell below 50% 1966 | -10/Mines | Core integrity fell below 20% 1967 | -10/Mines | Destroyed by D-53 Grenadier with Mini Grenade Launcher Last Messages --------------- 01929_ System corrupted: Component data lost. 01932_ K-01 Serf collects debris. 01949_ ALERT: Infestation in the mines, dispatching Demolisher response squad. 01952_ C-45 Heavy ARC bursts open, deploying its payload. 01952_ D-53 Grenadier unfolds itself. 01954_ Seismic Detector destroyed. 01955_ Lgt. Ion Engine destroyed. 01956_ K-01 Serf collects debris. 01958_ ,IL1>=9D%MT%NA=YDO|ZKQ1XBC9WG>FE 01958_ The unstable cave ceiling collapses. 01958_ U-05 Engineer builds a Wall. 01960_ K-01 Serf collects debris. 01961_ Lgt. Treads destroyed. 01961_ Sml. Laser destroyed. 01963_ Assault Rifle destroyed. 01965_ Lgt. Treads destroyed. 01965_ K-01 Serf destroyed. 01965_ Dropped Hcp. Storage Unit. Map ----- +----------------------------------------------------+ | ????????????????????????? #????????? | | ????????????????????????? #???????? | | ???????????????????????? ???????? | | ????????????????????????? ???????? | | ????????????????????????? ???????? | | ?????????????????????????? #??????? | | ?????????????????????????? #??????? | | ??????????????????????????# #??????? | | ?????????????????????????## #??????? | | ?????????????????????????? #??????? | | ??????????????????????????# #??????? | | ?????????????????????????## ##?????? | | ?????????????????????????# ###???? | | ????????????????##### #### ##??? | | ????????????????# #??? | | ????????????????# #??? | | ????????????##### ########### ##??? | | ????????????? ####?????### #???? | | ?????????????## ##??????# #???? | | ?????????????# ###?????# #???? | | ????????????### ##???## #???? | | ????????????# ##?## ##??? | | ????????????# ### #??? | | ????????????# # dd #??? | | ????????????# # [=[ % ##??? | | ????????????# # =!! @ < #???? | | ????????????# ## !== #???? | | ???????????# ??## ! ### ##???? | | ??????????# ????## #?####????? | | ????????? ??????## ##?????????? | | ????????###????????## #??????????? | | ????????????????????# ##??????????? | | ????????????????????# ##???????????? | | ????????????????????# ##????????????? | | ????????????????????###?????????????? | | ????????????????????????????????????? | | ????????????????????????????????????? | | ????????????????????????????????????? | | ????????????????????????????????????? | | ????????????????????????????????????? | | ????????????????????????????????????? | | ????????????????????????????????????? | | ????????????????????????????????????? | | ????????????????????????????????????? | | ????????????????????????????????????? | | ????????????????????????????????????? | | ????????????????????????????????????? | | ????????????????????????????????????? | | ????????????????????????????????????? | | ????????????????????????????????????? | +----------------------------------------------------+ Best States ------------- Heat Dissipation 39 Energy Generation 10 Energy Capacity 250 Matter Stores 300 Matter Capacity 300 Sight Range 16 Terrain Scan Density 10 Evasion (%) 40 Recoil Reduction 2 Offensive Hacking 10 Item Schematics ----------------- None Robot Schematics ------------------ None Fabricated ------------ Nothing Repaired ---------- Nothing Studied --------- None Alien Tech Used ----------------- None Achievements -------------- None Challenges ------------ None Game ------ Seed ShockboltColdInitializer Manual? 0 Play Time 00:06:30 Cumulative 284.6 hours Start 2026.01.02 @ 21:42:29 End 2026.01.02 @ 21:48:21 Sessions 1 Manual Loads 0 Difficulty Rogue Special Mode None Game No. 185 Rogue 185 Adventurer 0 Explorer 0 Win Type - Total 10 Types 7/0/1/1/0/0/0/1/0/0 Lore% 91 Gallery% 80 Achievement% 64 Wizard Run 0 Options --------- Layout 1 ASCII 0 Keyboard 0 Movement Mouse Keybinds 0 Fullscreen 2 Font 32/SmallcapsGlow Map View 50x35 Zoom Use 0% Tactical HUD 1 Map Filters NONE Filters NONE Steam 1 RUN: 06097005-d54b-45bc-b21d-86f5ccb4780d